 Dungeon Crawl Stone Soup version 0.20-a0-2-g2b0e13a (webtiles) character file.

569577 hairmachine the Slayer (level 26, -2/264 HPs)
             Began as a Hill Orc Abyssal Knight on Oct 27, 2016.
             Was the Champion of Lugonu.
             Splashed by the Royal Jelly's acid (5 damage)
             ... on level 5 of the Pits of Slime on Oct 29, 2016.
             The game lasted 06:57:32 (99389 turns).

hairmachine the Slayer (Hill Orc Abyssal Knight)   Turns: 99389, Time: 06:57:35

Health: -2/264     AC: 19    Str: 31 (32) XL:     26   Next: 92%
Magic:  34/34      EV: 11    Int: 12      God:    Lugonu [******]
Gold:   5046       SH:  0    Dex:  5      Spells: 0 memorised, 25 levels left

rFire  + . .     SeeInvis +     k - +9 battleaxe (distort)
rCold  . . .     Gourm    .     a - +10 plate armour {MR+}
rNeg   + . .     Faith    +     (shield currently unavailable)
rPois  .         Spirit   .     n - +0 helmet
rElec  .         Reflect  .     y - +1 cloak {MR+}
rCorr  +         Harm     .     O - +2 pair of gloves
MR     ++++.                    s - +2 pair of boots
Stlth  ..........               w - amulet of faith {Faith}
                                v - ring of resist corrosion
                                M - ring "Soimn" {rF+ rN+ Dex-3 SInv} (curse)

@: mighty, corroded
A: clumsy 1, deterioration 1, magic resistance 1, screaming 1, subdued magic 1
a: Depart the Abyss, Bend Space, Banish, Corrupt, Enter the Abyss, Renounce
Religion
}: 3/15 runes: decaying, abyssal, gossamer


You were on level 5 of the Pits of Slime.
You worshipped Lugonu.
Lugonu was exalted by your worship.
You were not hungry.

You visited 10 branches of the dungeon, and saw 53 of its levels.
You visited the Abyss 2 times.

You collected 8696 gold pieces.
You spent 3650 gold pieces at shops.


Innate Abilities, Weirdness & Mutations

You are clumsy. (Dex -2)
Your body sometimes deteriorates upon taking damage.
You are resistant to hostile enchantments. (MR+)
You occasionally shout uncontrollably at your foes.
Your spells are a little easier to cast, but a little less powerful.


   Skills:
 + Level 26.6 Fighting
 - Level 20.0 Axes
 - Level 20.0 Bows
 - Level 23.2 Armour
 + Level 8.1 Dodging
 - Level 15.0 Invocations
 + Level 14.7 Evocations


You had 25 spell levels left.
You didn't know any spells.

Inventory:

Hand Weapons
 k - a +9 battleaxe of distortion (weapon)
   (You took it off a wight on level 12 of the Dungeon)
 l - the +8 storm bow {elec}
   (You bought it in a shop on level 2 of the Orcish Mines)

   It charges the ammunition it shoots with electricity; occasionally upon a
   hit, such missiles may discharge and cause terrible harm.
Missiles
 P - 743 arrows
Armour
 a - a +10 plate armour of magic resistance (worn)
   (You took it off an orc warlord on level 2 of the Orcish Mines)
 h - +2 gold dragon scales
   (You found it on level 3 of the Depths)
 n - a +0 helmet (worn)
   (You found it on level 1 of the Dungeon)
 s - a +2 pair of boots (worn)
   (You found it on level 2 of the Swamp)
 y - a +1 cloak of magic resistance (worn)
   (You bought it in a shop on level 2 of the Orcish Mines)
 O - a +2 pair of gloves (worn)
   (You found it on level 7 of the Dungeon)
Jewellery
 c - an uncursed ring of protection from cold {rC+, !d}
   (You took it off a hobgoblin on level 2 of the Dungeon)
 f - an uncursed ring of protection from fire {rF+, !d}
   (You found it on level 8 of the Dungeon)
 v - a ring of resist corrosion (right hand)
   (You took it off a vault warden on level 3 of the Vaults)
 w - an amulet of faith (around neck) {Faith}
   (You found it on level 8 of the Dungeon)
 M - the cursed ring "Soimn" (left hand) {rF+ rN+ Dex-3 SInv}
   (You bought it in a shop on level 2 of the Depths)

   [ring of dexterity]

   It affects your dexterity (-3).
   It protects you from fire.
   It protects you from negative energy.
   It lets you see invisible.
   It has a curse placed upon it.
Wands
 u - a wand of heal wounds (2/9) {!d}
   (You found it on level 2 of the Dungeon)
 H - a wand of hasting (3/9) {!d}
   (You bought it in a shop on level 2 of the Vaults)
 N - a wand of digging (15/24)
   (You found it on level 7 of the Dungeon)
 T - a wand of teleportation (4/9) {!d}
   (You bought it in a shop on level 2 of the Vaults)
Scrolls
 g - a scroll of silence {!r}
 i - 21 scrolls of remove curse {!r}
 j - a scroll of magic mapping {!r}
 o - 7 scrolls of fog {!r}
 q - 6 scrolls of identify {!r}
 t - 6 scrolls of teleportation {!r}
 x - 4 scrolls of recharging {!r}
 K - 7 scrolls of fear {!r}
 L - 7 scrolls of blinking {!r}
Potions
 b - a potion of invisibility {!q}
 m - a potion of heal wounds {!q}
 r - 5 potions of cancellation {!q}
 z - a potion of berserk rage {!q}
 B - 2 potions of might {!q}
 D - 7 potions of haste {!q}
 E - 6 potions of brilliance {!q}
 F - 3 potions of flight {!q}
 J - 10 potions of ambrosia {!q}
 Q - a potion of agility {!q}
 V - 6 potions of curing {!q}
 W - 3 potions of magic {!q}
 Y - 2 potions of cure mutation {!q}
Books
 G - a book of Party Tricks
   (You found it on level 13 of the Dungeon)

   Spells                             Type                      Level
   a - Summon Butterflies             Summoning                    1
   b - Apportation                    Translocation                1
   c - Lesser Beckoning               Translocation                3
   d - Tukima's Dance                 Hexes                        3
   e - Alistair's Intoxication        Transmutation/Poison         5
   f - Invisibility                   Hexes                        6
Miscellaneous
 e - a lamp of fire
   (You found it on level 1 of the Elven Halls)
 p - a phantom mirror
 S - a disc of storms
   (You found it on level 5 of the Lair of Beasts)
 U - a sack of spiders
Comestibles
 d - 25 bread rations
 A - 13 fruits
 R - 13 meat rations

Dungeon Overview and Level Annotations

Branches:
Dungeon (15/15)            Temple (0/1) D:4            Lair (6/6) D:9
  Swamp (4/4) Lair:3       Spider (4/4) Lair:4        Slime (5/5) Lair:5
    Orc (2/2) D:12            Elf (3/3) Orc:2        Vaults (4/5) D:14
  Crypt (0/3) Vaults:2     Depths (5/5) D:15            Zot (5/5) Depths:5

Altars:
Elyvilon
Gozag
Nemelex Xobeh
Trog
Vehumet
Yredelemnul
Zin
The Shining One
Beogh
Jiyva

Shops:
D:9 *   Orc:2 ([%(?   Vaults:1 ?   Vaults:2 [**}(   Depths:1 *   Depths:2 =}=

Portals:
Hell: Depths:1 Depths:2 Depths:3 Depths:4 Depths:5
Abyss: Depths:4
Pandemonium: Depths:1 Depths:3
Ziggurat: Depths:5

Annotations:
D:13 Azrael
D:14 1 runed door
Lair:3 1 exclusion
Spider:3 exclusion: Roxanne, Roxanne
Slime:3 Dissolution
Slime:5 Royal Jelly
Vaults:1 Nikola
Depths:5 1 runed door
Zot:2 exclusion: upstairs
Zot:5 exclusion: 2 upstairs
Abyss:1 Gastronok, Saint Roka

....................###
................@<..#.##
...............JJJ.....####
...............JJJ........##
................J.J......#.#
................J..........# ##
..........................###.##
................§..........#...#
#####.####................(..#.#
# ..# ##......(..........#.##
##.....(.............#
##.................###
##..(J............#.#
#(.(...............#
#(.(...........≈...#
#.(................#
#(.............≈....


You could see the Royal Jelly, 4 acid blobs, 2 azure jellies and 2 death oozes.


Message History

The acid blob spits acid at you. The splash of acid hits you!
You are splashed with acid!
The acid burns!
You resist.
The acid blob jiggles.
Damage: -3%(-8hp) hp: 74%(193hp)
You barely miss the acid blob.
The acid blob is moderately wounded.
You hit the death ooze but do no damage.
Space warps horribly around the death ooze!
You slice the death ooze!!
The death ooze looks slightly unstable.
You slice the acid blob!!
Space warps horribly around the acid blob!
Your hands burn!
You open the azure jelly like a pillowcase!!!
Space bends around the azure jelly.
The death ooze hits you!!
* * * LOW HITPOINT WARNING * * *
The death ooze hits you but does no damage.
The azure jelly hits you but does no damage. x3
The azure jelly barely misses you. The acid blob hits you!!
* * * LOW HITPOINT WARNING * * *
You are splashed with acid!
The acid burns!
You resist.
* * * LOW HITPOINT WARNING * * *
The acid blob hits you!
* * * LOW HITPOINT WARNING * * *
You are splashed with acid!
The acid burns!
You resist.
* * * LOW HITPOINT WARNING * * *
Huge Dmg: -21%(-54hp) hp: 53%(139hp)
The acid blob barely misses you.
The death ooze disappears!
The acid blob spits acid at you. The splash of acid hits you!
You are splashed with acid!
The acid burns!
You resist.
* * * LOW HITPOINT WARNING * * *
Damage: -2%(-5hp) hp: 52%(135hp)
The death ooze hits you but does no damage.
The death ooze hits you.
* * * LOW HITPOINT WARNING * * *
The death ooze closely misses you. The death ooze barely misses you.
Damage: -2%(-5hp) hp: 50%(130hp)
The acid blob spits acid at you. The splash of acid misses you.
The acid blob spits acid at you. The splash of acid hits you!
You are splashed with acid!
The acid burns!
You resist.
* * * LOW HITPOINT WARNING * * *
Damage: -3%(-6hp) hp: 47%(124hp)
The Royal Jelly hits you!!
* * * LOW HITPOINT WARNING * * *
Your body deteriorates!
You feel weakened. The acid corrodes you!
You are splashed with acid!
The acid burns!
You resist.
* * * LOW HITPOINT WARNING * * *
The Royal Jelly hits you.
* * * LOW HITPOINT WARNING * * *
You are splashed with acid!
The acid burns!
You resist.
* * * LOW HITPOINT WARNING * * *
The acid blob spits acid at you. The splash of acid hits you! You resist.
* * * LOW HITPOINT WARNING * * *
You are splashed with acid!
The acid burns!
You resist.
* * * LOW HITPOINT WARNING * * *
The Royal Jelly hits you!!
* * * LOW HITPOINT WARNING * * *
You are splashed with acid!
The acid burns!
You resist.
* * * LOW HITPOINT WARNING * * *
The Royal Jelly hits you but does no damage.
Huge Dmg: -35%(-93hp) hp: 12%(31hp) Evoke which item? (* to show all) (? for menu, Esc to quit)
Zapping:
u - a wand of heal wounds (4/9) {!d}
Press: ? - help, Shift-Dir - straight line, f - you, p - Royal Jelly You feel much better.
This wand has 3 charges left.
The acid blob spits acid at you. The splash of acid hits you!
You are splashed with acid!
The acid burns!
You resist.
* * * LOW HITPOINT WARNING * * *
The Royal Jelly hits you!!
* * * LOW HITPOINT WARNING * * *
You are splashed with acid!
The acid burns!
You resist.
* * * LOW HITPOINT WARNING * * *
The Royal Jelly hits you but does no damage.
The acid blob spits acid at you. The splash of acid hits you! You resist.
* * * LOW HITPOINT WARNING * * *
You are splashed with acid!
The acid burns!
You resist.
* * * LOW HITPOINT WARNING * * *
Huge Dmg: -8%(-22hp) hp: 4%(9hp) Evoke which item? (* to show all) (? for menu, Esc to quit)
Zapping:
u - a wand of heal wounds (3/9) {!d}
Press: ? - help, Shift-Dir - straight line, f - you You feel much better.
This wand has 2 charges left.
The acid blob jiggles.
The Royal Jelly hits you!
* * * LOW HITPOINT WARNING * * *
You are splashed with acid!
The acid burns!
You resist.
* * * LOW HITPOINT WARNING * * *
The Royal Jelly hits you!
* * * LOW HITPOINT WARNING * * *
The acid corrodes you!
You are splashed with acid!
The acid burns!
You resist.
You die...

Vault maps used:
D:1:      roderic_dead_forest
D:2:      st_stairs_2, uniq_robin, uniq_jessica, uniq_sigmund, uniq_iyjb
D:3:      overflow_temple_1_default
D:4:      minmay_misc_feat_hallway, cheibrodos_gnoll_hut
D:5:      first_bread
D:6:      minmay_opposing_rooms, tso_altar
D:7:      marbit_many_paths
D:8:      minmay_bloctagon_deflated, grunt_temple_overflow_open,
          hangedman_pestilent_swarm, uniq_erica, uniq_maurice, uniq_joseph
D:9:      erik_lair_orcish_takeover, serial_shops,
          nicolae_shop_overgrown_old_shop, kennysheep_decorative_pillar
D:10:     elyvilon_altar_4, uniq_erolcha
D:11:     uniq_gastronok
D:12:     zombieorc2_lemuel, uniq_nergalle
D:13:     minmay_misc_feat_four_crosses, kennysheep_generic_room_15
D:14:     grunt_vaults_entry_tiered, minmay_misc_feat_diagonals, minivault_13,
          uniq_azrael
D:15:     hangedman_depths_entry_try_elsewhere_first, minmay_misc_feat_doors
Lair:2:   uniq_fannar
Lair:3:   dragon1_lemuel, minmay_swamp_entry_worms, lemuel_fruit_tree,
          uniq_snorg
Lair:4:   dummy_spider_entry, lab_entry_generic, minivault_23
Lair:5:   slime_altar_1, grunt_megastairs_5, uniq_rupert, uniq_urug
Lair:6:   minmay_lair_end_enchanted_forest, bobbens_dragon_lair_wall
Swamp:1:  evilmike_swamp_ruin_house_5
Swamp:2:  evilmike_swamp_ruin_house_2
Swamp:3:  nicolae_swamp_dense_foliage
Swamp:4:  swamp_alternative, swamp_pool3, hangedman_swamp_cone
Spider:3: uniq_roxanne
Spider:4: grunt_spider_rune_parallel
Slime:3:  cheibrodos_slime_lost_civilization_5, uniq_dissolution
Orc:1:    bloody_trog
Orc:2:    grunt_orc_community_town_hall, grunt_orc_community_big_house_1,
          grunt_orc_community_big_house_1, grunt_orc_community_house_3,
          grunt_orc_community_house_3, grunt_orc_community_house_3,
          grunt_orc_community_house_3, serial_shops, shop,
          nicolae_orc_damp_corner, uniq_sonja
Elf:1:    elf_arrival_001, orc_legates, st_stairs_9, uniq_kirke
Elf:2:    uniq_asterion
Elf:3:    elf_hall_gauntlet_wide
Vaults:1: v_misc_4, st_cells, nicolae_vaults_alarming, v_rooms_2,
          nicolae_vaults_network_square, hangedman_vaults_stream,
          hangedman_vaults_capsules, ontoclasm_vaults_twist,
          grunt_vaults_diagonal, serial_shops, nicolae_shop_crystal, uniq_nikola
Vaults:2: v_misc_33, blue_anna_dwarven_crypt, vaults_mumra_minichess, v_rooms_1,
          vaults_room_fancy_cross, grunt_vaults_focal,
          vaults_mumra_chevron_long, v_rooms_6, nicolae_vaults_three_branches,
          ontoclasm_vaults_gallery, vaults_room_fours, vaults_room_large_hall,
          vaults_room_fancy_cross, serial_shops, shop, shop, shop_fountains,
          shop, shop_fountains, basic_altar
Vaults:3: vaults_room_semicircle, v_misc_17, v_alt_pattern_6,
          nicolae_vaults_little_squares_1, v_misc_28, vaults_room_boxed,
          vaults_mumra_chevron, nicolae_vaults_diagonal_hallway_6,
          nicolae_vaults_twisting_passages, hangedman_vaults_nodes,
          grunt_vaults_funnel, ontoclasm_vaults_fault, vaults_dpeg_hooks,
          vaults_room_pool
Vaults:4: ontoclasm_vaults_ligature, ontoclasm_vaults_claustrophobia,
          nicolae_vaults_circle_grid_b, v_misc_15, v_misc_26,
          vaults_room_hallway, vaults_room_octagon,
          nicolae_vaults_stairing_the_circle, v_misc_25,
          nicolae_vaults_circle_grid_b, nicolae_vaults_little_ls, v_misc_28,
          ontoclasm_vaults_pinch, nicolae_vaults_yaktaur_gun_rack,
          nicolae_vaults_circle_grid_a, serial_glass
Depths:1: grunt_pan_entry_in_and_out, hell_entry, fountainhead,
          guppyfry_shop_venom
Depths:2: kennysheep_ambush_hall, grunt_mini_vestibule, minmay_shop_grove,
          infiniplex_staircase_zigzag_1
Depths:3: four-leaf_vault, pan_entry, serial_sigils_hangedman_quiver,
          grunt_hell_entry_dis_grunt
Depths:4: hangedman_grunt_twisty_little_passages, abyss_entry, hell_entry,
          minmay_staircase_windowed_large
Depths:5: evilmike_zot_entry_castle, enter_ziggurat_a, pf_hell_entry_tar_spiral,
          hangedman_decor_growths
Zot:1:    circus_mu, st_stairs_14
Zot:2:    st_single_dragon_hoard_1
Zot:3:    grunt_megastairs_2, lemuel_elevator
Abyss:2:  evilmike_abyss_exit_11
Abyss:3:  hangedman_cross_veins, nicolae_abyss_rune_left_handed,
          evilmike_abyss_exit_15

Notes
Turn   | Place    | Note
-------+----------+-------------------------------------------
     0 | Abyss:1  | hairmachine the Hill Orc Abyssal Knight began the quest for the Orb.
     0 | Abyss:1  | Reached XP level 1. HP: 19/19 MP: 2/2
    71 | Abyss:1  | Noticed a small abomination
    72 | D:1      | Escaped the Abyss
   191 | D:1      | Reached * piety under Lugonu
   254 | D:1      | Reached XP level 2. HP: 25/26 MP: 3/3
   830 | D:2      | Noticed Sigmund
   860 | D:1      | Reached XP level 3. HP: 23/31 MP: 4/4
  1052 | D:2      | Reached skill level 5 in Axes
  1142 | D:2      | Noticed Robin
  1157 | D:2      | Reached ** piety under Lugonu
  1160 | D:2      | Killed Robin
  1163 | D:2      | Reached XP level 4. HP: 33/39 MP: 5/5
  1672 | D:2      | Noticed Ijyb
  1691 | D:2      | Killed Ijyb
  1852 | D:2      | Noticed Jessica
  1878 | D:2      | Killed Jessica
  1878 | D:2      | Reached XP level 5. HP: 42/45 MP: 6/6
  3256 | D:3      | Found a radiant altar of Vehumet.
  3648 | D:4      | Found a staircase to the Ecumenical Temple.
  3837 | D:4      | Reached XP level 6. HP: 47/51 MP: 7/7
  3940 | D:4      | Reached skill level 4 in Fighting
  4273 | D:4      | Reached *** piety under Lugonu
  4573 | D:5      | Entered Level 5 of the Dungeon
  4881 | D:2      | Killed Sigmund
  4881 | D:2      | Reached XP level 7. HP: 32/60 MP: 8/8
  5515 | D:5      | Reached skill level 5 in Fighting
  6382 | D:5      | Reached XP level 8. HP: 60/70 MP: 10/10
  6707 | D:4      | Reached skill level 6 in Fighting
  7205 | D:6      | Found a glowing golden altar of the Shining One.
  7301 | D:5      | Reached **** piety under Lugonu
  7436 | D:5      | Reached skill level 5 in Armour
  7481 | D:6      | Reached skill level 5 in Invocations
  7833 | D:6      | Reached skill level 10 in Axes
  7988 | D:6      | Reached skill level 7 in Fighting
  7988 | D:6      | Reached XP level 9. HP: 70/79 MP: 13/13
  8140 | D:7      | Found a glowing silver altar of Zin.
  9763 | D:8      | Found a basalt altar of Yredelemnul.
  9763 | D:8      | Found an opulent altar of Gozag.
  9829 | D:8      | Found a sparkling altar of Nemelex Xobeh.
  9873 | D:8      | Noticed Maurice
  9895 | D:8      | Killed Maurice
  9895 | D:8      | Reached skill level 8 in Fighting
  9923 | D:8      | Noticed Joseph
  9935 | D:8      | Killed Joseph
  9955 | D:8      | Found a white marble altar of Elyvilon.
 10007 | D:8      | Found a glowing golden altar of the Shining One.
 10020 | D:8      | Reached XP level 10. HP: 90/90 MP: 14/16
 10406 | D:8      | Noticed Erica
 10457 | D:8      | Killed Erica
 10457 | D:8      | Reached skill level 9 in Fighting
 10922 | D:8      | Reached ***** piety under Lugonu
 11979 | D:9      | Found Diongin's Assorted Antiques.
 12284 | D:9      | Reached skill level 10 in Fighting
 12314 | D:9      | Bought an ivory wand for 104 gold pieces
 12314 | D:9      | Bought a potion of berserk rage for 130 gold pieces
 12716 | D:9      | Reached XP level 11. HP: 88/100 MP: 17/17
 12992 | D:9      | Found a staircase to the Lair.
 13056 | Lair:1   | Entered Level 1 of the Lair of Beasts
 13802 | Lair:1   | Reached skill level 11 in Fighting
 14194 | Lair:1   | Reached skill level 10 in Armour
 14490 | Lair:2   | Reached skill level 1 in Dodging
 14674 | Lair:2   | Noticed Fannar
 14692 | Lair:2   | Killed Fannar
 15563 | Lair:2   | Noticed a six-headed hydra
 15565 | Lair:2   | Banished a six-headed hydra
 16131 | Lair:3   | Noticed Snorg
 16132 | Lair:3   | Banished Snorg
 16132 | Lair:3   | Reached XP level 12. HP: 112/112 MP: 18/18
 16219 | Lair:3   | Reached skill level 12 in Fighting
 16777 | Lair:3   | Found a staircase to the Swamp.
 17135 | Lair:3   | Noticed a fire dragon
 17673 | Lair:4   | Found a hole to the Spider Nest.
 17780 | Lair:4   | Noticed a five-headed hydra
 17781 | Lair:4   | Banished a five-headed hydra
 18134 | Lair:4   | Reached skill level 15 in Axes
 18272 | Lair:4   | Reached skill level 5 in Dodging
 18644 | Lair:5   | Noticed Urug
 18649 | Lair:5   | Banished Urug
 18659 | Lair:5   | Reached skill level 13 in Fighting
 18850 | Lair:4   | Reached skill level 1 in Evocations
 19339 | Lair:5   | Noticed Rupert
 19574 | Lair:5   | Found a staircase to the Slime Pits.
 19575 | Lair:5   | Found a viscous altar of Jiyva.
 20558 | Lair:6   | Entered Level 6 of the Lair of Beasts
 20579 | Lair:5   | Reached XP level 13. HP: 88/122 MP: 19/19
 20853 | Lair:6   | Paralysed by a hornet for 1 turns
 22415 | Lair:6   | Reached skill level 14 in Fighting
 22750 | Lair:6   | Reached skill level 5 in Evocations
 23098 | Lair:5   | Killed Rupert
 23856 | Lair:6   | Reached XP level 14. HP: 119/133 MP: 20/20
 24967 | D:10     | Entered Level 10 of the Dungeon
 24984 | D:10     | Found a white marble altar of Elyvilon.
 25166 | D:10     | Noticed Erolcha
 25206 | D:10     | Banished Erolcha
 26936 | D:10     | Reached skill level 15 in Fighting
 27638 | D:11     | Noticed Gastronok
 27639 | D:11     | Banished Gastronok
 28688 | D:12     | Noticed Nergalle
 28697 | D:12     | Banished Nergalle
 29226 | D:12     | Reached ****** piety under Lugonu
 29506 | D:12     | Found a staircase to the Orcish Mines.
 29805 | D:12     | Identified a scroll of acquirement {!r}
 30429 | D:12     | Upgraded the game from 0.20-a0 to 0.20-a0-2-g2b0e13a
 30430 | Orc:1    | Entered Level 1 of the Orcish Mines
 30430 | Orc:1    | Found a bloodstained altar of Trog.
 30431 | Orc:1    | Paralysed by an orc sorcerer for 2 turns
 30459 | Orc:1    | Paralysed by an orc sorcerer for 2 turns
 31068 | Orc:2    | Entered Level 2 of the Orcish Mines
 31070 | Orc:2    | Found Ozaxiduh's Weapon Shop.
 31070 | Orc:2    | Paralysed by an orc sorcerer for 6 turns
 31076 | Orc:2    | Noticed Sonja
 32279 | D:13     | Got a faintly glowing dagger
 32515 | D:13     | Reached XP level 15. HP: 131/143 MP: 21/21
 34151 | Orc:2    | Found a staircase to the Elven Halls.
 34414 | Orc:2    | Killed Sonja
 34729 | Orc:2    | Noticed Saint Roka
 34730 | Orc:2    | Banished Saint Roka
 34730 | Orc:2    | Reached skill level 16 in Fighting
 35069 | Orc:2    | Found Zopukh's Antique Armour Shop.
 35116 | Orc:2    | Found a roughly hewn altar of Beogh.
 35119 | Orc:2    | Found Qaaveifu's Antique Weapon Boutique.
 35532 | Orc:2    | Found a roughly hewn altar of Beogh.
 35532 | Orc:2    | Found Quemoum's Magic Scroll Boutique.
 35545 | Orc:2    | Bought a scroll of blinking for 112 gold pieces
 35596 | Orc:2    | Noticed an orc warlord
 35611 | Orc:2    | Killed an orc warlord
 35674 | Orc:2    | Found a roughly hewn altar of Beogh.
 35733 | Orc:2    | Identified a +6 battleaxe of distortion (a +4 battleaxe corrupted by Lugonu)
 35733 | Orc:2    | Received a gift from Lugonu
 35796 | Orc:2    | Bought a scroll of enchant weapon for 112 gold pieces
 36099 | Orc:2    | Found a roughly hewn altar of Beogh.
 36157 | Orc:2    | Bought the +8 storm bow {elec} for 756 gold pieces
 36396 | Orc:2    | Found a roughly hewn altar of Beogh.
 36396 | Orc:2    | Found Hos Mugg's Food Shop.
 36914 | Orc:1    | Paralysed by an orc sorcerer for 4 turns
 37113 | D:14     | Noticed Azrael
 37410 | D:14     | Reached skill level 1 in Bows
 38471 | D:14     | Noticed an emperor scorpion
 38475 | D:14     | Banished an emperor scorpion
 39028 | D:14     | Found a gate to the Vaults.
 39057 | D:14     | Reached XP level 16. HP: 145/154 MP: 22/22
 39273 | D:14     | Found a runed door.
 39408 | D:15     | Entered Level 15 of the Dungeon
 39769 | D:15     | Reached skill level 17 in Fighting
 40200 | D:15     | Reached skill level 5 in Bows
 40916 | D:15     | Found a staircase to the Depths.
 41388 | Orc:2    | Bought a glowing cloak for 315 gold pieces
 41747 | Swamp:1  | Entered Level 1 of the Swamp
 42044 | Spider:1 | Entered Level 1 of the Spider Nest
 43557 | Spider:2 | Paralysed by a hornet for 3 turns
 44528 | Spider:3 | Reached skill level 10 in Invocations
 45255 | Spider:3 | Noticed Roxanne
 45832 | Spider:3 | Reached XP level 17. HP: 132/162 MP: 24/24
 46185 | Spider:4 | Entered Level 4 of the Spider Nest
 46622 | Spider:4 | Reached skill level 10 in Bows
 49511 | Spider:4 | Got a gossamer rune of Zot
 51860 | Swamp:3  | Reached XP level 18. HP: 161/170 MP: 25/25
 52951 | Swamp:4  | Entered Level 4 of the Swamp
 54379 | Swamp:4  | Reached skill level 15 in Armour
 54413 | Swamp:4  | Got a decaying rune of Zot
 54853 | Vaults:1 | Entered Level 1 of the Vaults
 54875 | Vaults:1 | Found Moal's Magic Scroll Boutique.
 54883 | Vaults:1 | Bought a scroll of enchant weapon for 105 gold pieces
 54883 | Vaults:1 | Bought a scroll of teleportation for 42 gold pieces
 54883 | Vaults:1 | Bought a scroll of enchant armour for 105 gold pieces
 54883 | Vaults:1 | Bought a scroll of teleportation for 42 gold pieces
 54883 | Vaults:1 | Bought a scroll of blinking for 105 gold pieces
 54883 | Vaults:1 | Bought a scroll of blinking for 105 gold pieces
 55051 | Vaults:1 | Noticed Nikola
 55368 | Vaults:1 | Reached skill level 15 in Bows
 56321 | Vaults:2 | Got a jewelled quarterstaff
 56334 | Vaults:2 | Found Huzusm's Antique Armour Boutique.
 56402 | Vaults:2 | Reached skill level 18 in Fighting
 56804 | Vaults:2 | Found Amote's General Store.
 57397 | Vaults:2 | Bought a potion of heal wounds for 80 gold pieces
 57464 | Vaults:2 | Reached XP level 19. HP: 180/180 MP: 26/26
 57941 | Vaults:2 | Found a staircase to the Crypt.
 58850 | Vaults:2 | Found a bloodstained altar of Trog.
 58977 | Vaults:2 | Found Veewkid's General Store.
 58999 | Vaults:2 | Found Hochoph's Gadget Shoppe.
 59027 | Vaults:2 | Found Qoer's Weapon Shop.
 59095 | Vaults:2 | Bought a wand of teleportation (4/9) for 456 gold pieces
 59095 | Vaults:2 | Bought a wand of hasting (3/9) for 798 gold pieces
 59423 | Vaults:2 | Reached skill level 19 in Fighting
 61409 | Vaults:3 | Reached XP level 20. HP: 88/191 MP: 27/27
 63262 | Vaults:4 | Reached skill level 20 in Fighting
 65677 | Depths:1 | Entered Level 1 of the Depths
 66650 | Depths:1 | Found a one-way gate leading to the halls of Pandemonium.
 66696 | Depths:1 | Got a spiked scale mail
 66864 | Depths:1 | Found a gateway to Hell.
 66882 | Depths:1 | Found Qiareud's Serpentskin Sales.
 67055 | Depths:1 | Reached XP level 21. HP: 202/202 MP: 28/28
 68339 | Depths:2 | Reached skill level 21 in Fighting
 68706 | Depths:2 | Found Othin's Jewellery Shop.
 68706 | Depths:2 | Found Zekhurr's Gadget Shoppe.
 68707 | Depths:2 | Found Aleu's Jewellery Shop.
 71306 | Depths:3 | Reached XP level 22. HP: 213/215 MP: 29/29
 71791 | Depths:3 | Noticed a golden dragon
 71796 | Depths:3 | Noticed a juggernaut
 71812 | Depths:3 | Killed a juggernaut
 71812 | Depths:3 | Reached skill level 22 in Fighting
 71888 | Depths:3 | Killed a golden dragon
 75202 | Depths:4 | Noticed a juggernaut
 75212 | Depths:4 | Banished a juggernaut
 75228 | Depths:4 | Reached XP level 23. HP: 173/225 MP: 30/30
 75393 | Depths:4 | Got a wavering copper ring
 75460 | Depths:4 | Noticed a juggernaut
 75471 | Depths:4 | Banished a juggernaut
 76123 | Depths:3 | Reached skill level 23 in Fighting
 76419 | Depths:4 | Found a one-way gate to the infinite horrors of the Abyss.
 78690 | Depths:4 | Identified the ring "Kiacek" {*Tele Dex+4 Stlth+} (You took it off a boggart on level 4 of the Depths)
 79419 | Depths:4 | Got a citrine-encrusted ring mail
 80417 | Depths:5 | Entered Level 5 of the Depths
 81060 | Depths:5 | Noticed a golden dragon
 81194 | Depths:5 | Found a gateway to a ziggurat.
 81264 | Depths:5 | Reached XP level 24. HP: 237/237 MP: 30/30
 81977 | Depths:5 | Reached skill level 24 in Fighting
 83251 | Depths:2 | Bought the cursed ring "Soimn" {rF+ rN+ Dex-3 SInv} for 283 gold pieces
 83507 | Depths:5 | Found a runed door.
 83595 | Depths:5 | Found a runed door.
 83604 | Depths:5 | Found a runed door.
 83608 | Depths:5 | Found a runed door.
 83915 | Depths:5 | Found a runed door.
 83915 | Depths:5 | Found a runed door.
 83936 | Depths:5 | Found a gate to the Realm of Zot.
 85155 | Depths:4 | Voluntarily entered the Abyss.
 85155 | Abyss:1  | Found a corrupted altar of Lugonu.
 85248 | Abyss:1  | Paralysed by accursed screaming for 1 turns
 85249 | Abyss:1  | Killed Nergalle
 85328 | Abyss:1  | Killed Erolcha
 85671 | Abyss:1  | Killed Urug
 85703 | Abyss:1  | Found a corrupted altar of Lugonu.
 85872 | Abyss:2  | Found an opulent altar of Gozag.
 85891 | Abyss:2  | Found a corrupted altar of Lugonu.
 86020 | Abyss:3  | Gained mutation: You tend to lose your temper in combat. [a cacodemon]
 86237 | Abyss:3  | Found a corrupted altar of Lugonu.
 86287 | Abyss:3  | Gained mutation: Your spells are a little easier to cast, but a little less powerful. [a neqoxec]
 86340 | Abyss:3  | Lost mutation: You tend to lose your temper in combat. [potion of cure mutation]
 86340 | Abyss:3  | Lost mutation: Your spells are a little easier to cast, but a little less powerful. [potion of cure mutation]
 86412 | Abyss:3  | Reached XP level 25. HP: 146/248 MP: 33/33
 86417 | Abyss:3  | Found a glowing golden altar of the Shining One.
 86820 | Abyss:3  | Got an abyssal rune of Zot
 86821 | Depths:4 | Escaped the Abyss
 87244 | Zot:1    | Entered Level 1 of the Realm of Zot
 87373 | Zot:2    | Reached skill level 25 in Fighting
 88240 | Zot:5    | Entered Level 5 of the Realm of Zot
 88816 | Zot:5    | Noticed an ancient lich
 88830 | Zot:5    | Banished an ancient lich
 88879 | Zot:5    | Noticed an ancient lich
 88894 | Zot:5    | Killed an ancient lich
 90274 | Elf:1    | Entered Level 1 of the Elven Halls
 90537 | Elf:1    | Identified the +5 ring mail of Shielding {rF- MP-9 Str+5 Stlth+} (You found it on level 4 of the Depths)
 90718 | Elf:1    | Noticed Kirke
 90731 | Elf:1    | Killed Kirke
 91244 | Elf:1    | Reached skill level 15 in Invocations
 91613 | Elf:1    | Reached skill level 10 in Evocations
 92353 | Elf:2    | Found a runed gate.
 92353 | Elf:2    | Found a runed gate.
 92358 | Elf:2    | Found a runed gate.
 92479 | Elf:2    | Noticed Asterion
 92499 | Elf:2    | Killed Asterion
 92896 | Elf:2    | Reached XP level 26. HP: 260/260 MP: 34/34
 94275 | Elf:3    | Entered Level 3 of the Elven Halls
 95162 | Elf:3    | Reached skill level 26 in Fighting
 96079 | Elf:3    | Got a twitching garnet amulet
 96187 | Elf:3    | Identified Sofutheth's Grimoire of Aid and Lightness
 96191 | Elf:3    | Identified the amulet "Muarythi" {Reflect MR- Str+4 Int+2 SH+3} (You took it off a deep elf archer on level 3 of the Elven Halls)
 96386 | Elf:3    | Got a smoking ivory ring
 96538 | Elf:3    | Identified the ring of Propriety {-Tele +Fly rN+ Dex+6} (You took it off a deep elf annihilator on level 3 of the Elven Halls)
 96571 | Elf:3    | Got a spiked leather armour
 96572 | Elf:3    | Identified the +1 leather armour of Lesser Demons {+Inv Regen+ Int-3} (You found it on level 3 of the Elven Halls)
 97245 | Slime:1  | Entered Level 1 of the Pits of Slime
 97583 | Slime:3  | Noticed Dissolution
 97592 | Slime:3  | Paralysed by a floating eye for 2 turns
 98669 | Slime:5  | Entered Level 5 of the Pits of Slime
 98797 | Slime:5  | Gained mutation: You occasionally shout uncontrollably at your foes. [a shining eye]
 99058 | Slime:5  | Gained mutation: You are clumsy. (Dex -2) [a shining eye]
 99060 | Slime:5  | Gained mutation: Your body sometimes deteriorates upon taking damage. [a shining eye]
 99068 | Slime:5  | Gained mutation: Your spells are a little easier to cast, but a little less powerful. [a shining eye]
 99069 | Slime:5  | Gained mutation: You are resistant to hostile enchantments. (MR+) [a shining eye]
 99365 | Slime:5  | Noticed the Royal Jelly
 99388 | Slime:5  | HP: 9/264 [acid[the Royal Jelly] (7)]
 99389 | Slime:5  | HP: 3/264 [the Royal Jelly (9)]
 99389 | Slime:5  | Splashed by the Royal Jelly's acid

Vanquished Creatures
  A juggernaut (Depths:3)
  An ancient lich (Zot:5)
  A curse toe (Zot:4)
  4 golden dragons
  An electric golem (Zot:5)
  A lich (Depths:4)
  Rupert (Lair:5)
  A tentacled monstrosity (Depths:4)
  3 Orb Guardians (Zot:5)
  13 acid blobs
  Asterion (Elf:2)
  A quicksilver dragon (Zot:5)
  2 deep elf master archers (Elf:3)
  A deep elf blademaster (Elf:3)
  2 titans
  2 sphinxes
  An Executioner (Abyss:3)
  3 tentacled starspawn
  A death cob (Zot:4)
  Kirke (Elf:1)
  3 shadow dragons (Depths:5)
  3 tengu reavers
  12 fire giants
  4 azure jellies
  4 storm dragons
  5 deep elf sorcerers
  An orc warlord (Orc:2)
  2 cacodemons (Abyss:3)
  A draconian zealot (Depths:5)
  4 ghost moths
  3 draconian shifters
  13 frost giants
  An emperor scorpion (Spider:4)
  2 deep elf elementalists
  A war gargoyle (Vaults:2)
  6 vault wardens
  22 stone giants
  A reaper (Depths:3)
  26 very ugly things
  3 spriggan defenders
  10 ironheart preservers
  3 entropy weavers
  4 green draconians
  8 deep elf demonologists
  3 vampire knights
  2 black draconians (Depths:5)
  5 red draconians
  3 mottled draconians
  3 yellow draconians (Depths:5)
  9 deep elf annihilators
  4 white draconians
  A merfolk javelineer (Depths:1)
  A dire elephant (D:15)
  3 purple draconians
  A crystal guardian (Vaults:4)
  15 ettins
  6 deep elf death magi
  A fire dragon (shapeshifter) (Depths:3)
  18 fire dragons
  5 yaktaur captains
  A jiangshi (Depths:3)
  Fannar (Lair:2)
  13 great orbs of eyes
  4 deep elf high priests
  15 ice dragons
  17 hydras
  13 ogre magi
  Erolcha (Abyss:1)
  5 rakshasas
  3 vault guards
  A catoblepas (D:14)
  A hell beast (Depths:2)
  5 spriggan air magi
  7 centaur warriors
  A ghost crab (shapeshifter) (Elf:3)
  An anaconda (Depths:1)
  2 ghost crabs (Swamp:3)
  3 death knights
  2 vampire magi (Depths:3)
  32 dancing weapons
  Erica (D:8)
  8 alligators
  18 deep troll shamans
  6 orc high priests
  5 death yaks
  9 tengu warriors
  19 deep troll earth magi
  Urug (Abyss:1)
  7 spriggan berserkers
  3 thrashing horrors
  A shock serpent (shapeshifter) (Depths:2)
  3 sun demons
  Nergalle (Abyss:1)
  41 deep elf knights
  A soul eater (Depths:2)
  Sonja (Orc:2)
  3 iron trolls
  15 hell knights
  2 shadow wraiths
  A wretched star (Abyss:3)
  A sixfirhy (Abyss:3)
  2 unseen horrors
  A storm dragon skeleton (Abyss:1)
  3 glowing orange brains
  A quicksilver dragon simulacrum (Abyss:3)
  41 deep trolls
  2 wizards
  16 deep elf archers
  A deep troll (shapeshifter) (Vaults:4)
  10 swamp dragons
  5 shambling mangroves
  16 ironbrand convokers
  4 flayed ghosts
  A hill giant (shapeshifter) (Depths:4)
  A torturous demonspawn (Depths:1)
  8 hill giants
  75 deep elf magi
  2 shining eyes (Slime:5)
  7 orc knights
  11 orc sorcerers
  3 harpies (Vaults:4)
  15 orb spiders
  82 ugly things
  11 necromancers
  2 salamanders (shapeshifter)
  A stone giant zombie (Vaults:3)
  26 wolf spiders
  2 manticores
  A manticore (shapeshifter) (Depths:4)
  2 salamanders
  A human zombie (Vaults:2)
  Joseph (D:8)
  Maurice (D:8)
  A centaur zombie (D:13)
  2 stone giant skeletons
  5 moths of wrath
  4 cyclopes
  9 elephants
  A frost giant skeleton (Vaults:4)
  An eye of devastation (Slime:5)
  2 apocalypse crabs
  3 human skeletons
  3 rust devils
  4 smoke demons
  2 torpor snails
  A torpor snail (shapeshifter) (D:15)
  2 gargoyles
  4 black mambas
  3 orange demons (Abyss:3)
  2 spiny frogs (shapeshifter)
  A hellion (Depths:1)
  7 vault sentinels
  2 rime drakes (Lair:6)
  16 spiny frogs
  67 yaktaurs
  2 kobold demonologists (D:12)
  An efreet (D:14)
  4 komodo dragons
  6 freezing wraiths
  An entropy weaver simulacrum (Vaults:3)
  11 demonic crawlers
  2 tengu conjurers
  An ancient zyme (Abyss:3)
  2 ice devils
  A harpy zombie (D:15)
  A silent spectre (Abyss:3)
  22 jumping spiders
  4 polar bears (Lair:6)
  A polar bear (shapeshifter) (Vaults:2)
  11 trolls
  9 tyrant leeches
  23 two-headed ogres
  A frost giant simulacrum (Vaults:2)
  A two-headed ogre (shapeshifter) (Vaults:3)
  95 slime creatures
  6 blink frogs
  9 raiju
  28 hornets
  9 dream sheep
  13 hippogriffs
  An ettin zombie (Vaults:3)
  A sphinx simulacrum (Vaults:2)
  9 bog bodies
  A raiju (shapeshifter) (Depths:3)
  A snapping turtle (shapeshifter) (Depths:3)
  4 flying skulls
  67 redbacks
  2 ettin skeletons (Abyss:3)
  2 shadows
  Sigmund (D:2)
  29 tarantellas
  7 air elementals
  4 wraiths
  19 spriggans
  2 wyverns
  A tarantella (shapeshifter) (Vaults:4)
  5 water elementals
  A wyvern (shapeshifter) (Vaults:3)
  2 basilisks (shapeshifter)
  3 hogs (Elf:1)
  2 ynoxinuls
  4 hungry ghosts
  69 yaks
  18 humans
  A golden eye (shapeshifter) (Vaults:3)
  5 fire elementals
  6 basilisks
  2 neqoxecs (Abyss:3)
  4 golden eyes
  A mottled dragon (Lair:6)
  29 vampire mosquitoes
  A soldier ant (D:8)
  6 insubstantial wisps (Swamp:3)
  7 wargs
  A naga (Depths:1)
  16 swamp worms
  5 large abominations
  12 water moccasins
  2 floating eyes
  6 hell hounds
  10 porcupines
  51 orc warriors
  10 swamp drakes
  3 sky beasts
  4 ice beasts
  4 black bears (Lair:6)
  2 necrophages
  65 ogres
  5 phantoms
  4 eyes of draining
  14 centaurs
  28 wolves
  A tengu (shapeshifter) (Depths:2)
  21 boggarts
  14 crocodiles
  6 big kobolds
  9 small abominations
  20 bullfrogs
  A gnoll sergeant (D:10)
  2 earth elementals (Elf:1)
  3 glowing shapeshifter simulacra
  A wyvern skeleton (D:10)
  8 scorpions
  14 killer bees
  A troll zombie (D:12)
  6 wights
  2 electric eels (Spider:3)
  4 howler monkeys
  11 crimson imps
  2 bullfrog zombies
  23 starcursed masses
  14 hounds
  3 human simulacra
  3 quasits
  2 bullfrog skeletons
  5 centaur skeletons
  4 jellies
  27 orc priests
  An iron imp (Abyss:3)
  29 orc wizards
  Ijyb (D:2)
  Jessica (D:2)
  A gnoll shaman (D:9)
  6 iguanas
  13 worker ants
  7 ogre zombies (D:12)
  A hound zombie (D:6)
  Robin (D:2)
  13 gnolls
  11 adders
  6 shadow imps
  3 ufetubi
  2 oozes
  2 adder skeletons
  3 worms
  2 dart slugs
  129 orcs
  6 giant cockroaches
  13 goblins
  12 hobgoblins
  15 jackals
  6 quokkas
  2 ball pythons (D:2)
  A ball python zombie (D:5)
  2 bats
  A frilled lizard (D:1)
  A goblin skeleton (D:12)
  4 goblin zombies (D:12)
  A hobgoblin skeleton (D:12)
  3 hobgoblin zombies (D:12)
  2 jackal skeletons (D:6)
  15 kobolds
  A leopard gecko zombie (D:5)
  5 orc skeletons (D:12)
  11 orc zombies (D:12)
  A quokka skeleton (D:3)
  10 rats
  3 crawling corpses (Depths:4)
  12 fungi
  3 plants
  2 starspawn tentacles (Abyss:3)
2430 creatures vanquished.

Vanquished Creatures (others)
  A bone dragon (Abyss:1)
  A quicksilver dragon (Zot:2)
  A tentacled starspawn (Abyss:3)
  A sphinx (Vaults:2)
  An acid blob (Slime:5)
  An azure jelly (Slime:5)
  A vault warden (Vaults:3)
  3 frost giants (Depths:3)
  An emperor scorpion (Spider:4)
  A draconian shifter (Zot:2)
  An emperor scorpion (shapeshifter) (D:14)
  2 spriggan defenders (Depths:4)
  2 stone giants (Vaults:3)
  An ironheart preserver (Vaults:3)
  3 very ugly things
  A deep elf annihilator (Depths:4)
  2 mottled draconians (Zot:2)
  10 spark wasps
  An ettin (Abyss:3)
  A jiangshi (Depths:3)
  A yaktaur captain (Vaults:2)
  A great orb of eyes (Depths:2)
  4 hydras
  An ogre mage (Vaults:2)
  A centaur warrior (Depths:4)
  A spriggan air mage (Depths:3)
  A deep troll earth mage (Depths:1)
  A deep troll shaman (Vaults:3)
  A deep elf knight (Elf:2)
  An unseen horror (D:12)
  2 deep trolls (Depths:3)
  An orc knight (Vaults:3)
  6 ugly things
  3 wolf spiders
  A faun (shapeshifter) (Abyss:3)
  A mana viper (shapeshifter) (Abyss:3)
  An orb spider (Spider:2)
  2 tengu skeletons (Vaults:4)
  A deep elf mage (Elf:2)
  4 slime creatures
  A vault sentinel (Vaults:3)
  3 yaktaurs
  A centaur skeleton (D:14)
  An ancient zyme (Abyss:3)
  A two-headed ogre (Vaults:4)
  A tyrant leech (Lair:3)
  A vampire (D:10)
  A redback (Spider:3)
  A yak (D:14)
  A human (D:14)
  2 vampire mosquitoes (D:15)
  A large abomination (Abyss:1)
  5 orc warriors
  An eye of draining (Abyss:1)
  A centaur (D:15)
  A boggart (Depths:4)
  A bullfrog (D:15)
  A quasit (Abyss:1)
  A worker ant (D:14)
  A kobold (D:12)
  30 fungi
  27 plants
  6 starspawn tentacles
161 creatures vanquished.

Grand Total: 2591 creatures vanquished

Action                   |  1- 3 |  4- 6 |  7- 9 | 10-12 | 13-15 | 16-18 | 19-21 | 22-24 | 25-27 || total
-------------------------+-------+-------+-------+-------+-------+-------+-------+-------+-------++-------
Melee: Hand axe          |   110 |   287 |   331 |       |       |       |       |       |       ||   728
       Unarmed           |       |     3 |       |       |       |       |       |       |       ||     3
       Flail             |       |       |   126 |       |       |       |       |       |       ||   126
       War axe           |       |       |    22 |   678 |   328 |       |       |       |       ||  1028
       Battleaxe         |       |       |       |       |  1351 |   740 |   807 |   735 |   458 ||  4091
       Longbow           |       |       |       |       |       |       |     3 |       |       ||     3
 Fire: Blowgun           |       |     5 |     9 |       |       |       |       |       |       ||    14
       Longbow           |       |       |       |       |    92 |   929 |   970 |  1046 |  1008 ||  4045
Throw: Javelin           |     4 |    18 |    15 |    21 |    39 |     5 |       |       |       ||   102
Invok: Depart the Abyss  |     1 |       |       |       |       |       |       |       |     1 ||     2
       Banish            |       |       |     1 |     9 |    22 |    13 |     2 |    13 |     1 ||    61
       Bend Space        |       |       |       |       |     1 |     7 |       |     1 |       ||     9
       Brand Weapon With |       |       |       |       |     1 |       |       |       |       ||     1
Evoke: Wand              |       |       |     7 |    11 |     2 |     4 |       |     3 |    12 ||    39
       Disc of storms    |       |       |       |     1 |       |       |       |       |       ||     1
  Use: Potion            |       |     2 |     1 |     2 |     6 |     5 |       |     8 |     9 ||    33
       Scroll            |       |     2 |     1 |     9 |    23 |    10 |    11 |    12 |    13 ||    81
 Stab: Paralysed         |       |       |       |     6 |     2 |       |       |       |       ||     8
       Distracted        |       |       |       |       |       |     1 |       |       |     1 ||     2
  Eat: Chunk             |     1 |    12 |    12 |    29 |    60 |    26 |    34 |    33 |    21 ||   228
       Beef jerky        |       |       |     1 |     3 |     4 |     3 |       |     4 |     1 ||    16
       Pizza             |       |       |     3 |     2 |       |     1 |     5 |     1 |       ||    12
       Fruit             |       |       |       |       |     7 |     1 |       |       |     1 ||     9
       Royal jelly       |       |       |       |       |     1 |     8 |       |     1 |       ||    10
       Meat ration       |       |       |       |       |       |     3 |       |     2 |     3 ||     8
Armor: Leather armour    |     7 |       |       |       |       |       |       |       |       ||     7
       Ring mail         |    26 |    60 |       |       |       |       |       |       |       ||    86
       Chain mail        |       |    55 |   265 |    12 |       |       |       |       |       ||   332
       Plate armour      |       |       |       |   426 |   941 |   813 |   575 |    56 |    84 ||  2895
       Gold dragon scale |       |       |       |       |       |       |       |   671 |   466 ||  1137
Dodge: Dodged            |    68 |   137 |   163 |   189 |   524 |   364 |   246 |   302 |   213 ||  2206
Block: Buckler           |       |       |       |    24 |    22 |       |       |       |       ||    46

Skill      XL: |  1  2  3  4  5  6  7  8  9 10 11 12 13 14 15 16 17 18 19 20 21 22 23 24 25 26 |
---------------+-------------------------------------------------------------------------------+-----
Axes           | 3 4 5 6 8 9 10 11 12 14 15 16 18 20 | 20.0
Fighting       | 4 5 7 8 10 11 13 14 15 16 17 18 19 20 21 22 23 24 25 26 | 26.6
Armour         | 3 4 5 7 9 10 11 13 14 15 16 18 19 20 21 22 23 | 23.2
Invocations    | 3 5 8 9 10 13 15 | 15.0
Dodging        | 3 5 8 |  8.1
Evocations     | 2 6 11 14 | 14.7
Bows           | 3 8 13 15 16 17 18 19 20 | 20.0
